 Dungeon Crawl Stone Soup version 0.22-b1-21-g5cfc168 (webtiles) character file.

621 Gorglomux the Insei (level 7, 0/55 HPs)
             Began as a Merfolk Transmuter on Aug 3, 2018.
             Was an Initiate of Okawaru.
             Slain by an ice beast (12 damage)
             ... on level 5 of the Dungeon.
             The game lasted 00:09:05 (6049 turns).

Gorglomux the Insei (Merfolk Transmuter)            Turns: 6049, Time: 00:09:05

Health: 0/55       AC:  5    Str: 13    XL:     7   Next: 46%
Magic:  10/12      EV: 14    Int: 12    God:    Okawaru [......]
Gold:   266        SH:  0    Dex: 14    Spells: 6/12 levels left

rFire    . . .     SeeInvis .     - Unarmed
rCold    . . .     Gourm    .   (no shield)
rNeg     + . .     Faith    .   b - +0 robe
rPois    .         Spirit   .   (no helmet)
rElec    .         Reflect  .   W - +0 cloak
rCorr    .         Harm     .   (no gloves)
MR       .....                  (no boots)
Stlth    +.........             (no amulet)
HPRegen  0.18/turn              X - +2 ring of protection
MPRegen  0.13/turn              S - ring of positive energy

@: no status effects
A: change form in water, swift swim, stealthy swim
a: Renounce Religion


You were on level 5 of the Dungeon.
You worshipped Okawaru.
Okawaru was noncommittal.
You were hungry.

You visited 2 branches of the dungeon, and saw 6 of its levels.
You also visited: Sewer.

You collected 266 gold pieces.

Inventory:

Missiles
 a - 32 arrows
Armour
 b - a +0 robe (worn)
 W - a +0 cloak (worn)
Jewellery
 S - a ring of positive energy (right hand)
 X - a +2 ring of protection (left hand)
Scrolls
 e - 2 scrolls of enchant armour {unknown}
 f - 3 scrolls of remove curse
 k - a scroll of amnesia {unknown}
 l - 3 scrolls of magic mapping {unknown}
 m - 2 scrolls of enchant weapon {unknown}
 n - a scroll of fear {unknown}
 q - a scroll of immolation {unknown}
 R - 7 scrolls of identify
 T - 6 scrolls of teleportation
 U - a scroll of blinking {unknown}
 V - a scroll of random uselessness {unknown}
Potions
 h - a potion of brilliance
 Q - a potion of curing
 Y - a potion of might {unknown}
Comestibles
 d - 7 rations


   Skills:
 - Level 4.3 Fighting
 - Level 4.5 Dodging
 - Level 5.4 Unarmed Combat
 + Level 3.4 Spellcasting
 + Level 4.9 Transmutations
 - Level 1.0 Poison Magic


You had 6 spell levels left.
You knew the following spells:

 Your Spells              Type           Power        Failure   Level  Hunger
a - Beastly Appendage     Tmut           ##....       3%          1    #......
b - Sticks to Snakes      Tmut           ##......     4%          2    ##.....
c - Spider Form           Tmut/Pois      #.........   22%         3    ###....

Your spell library contained the following spells:

 Spells                   Type           Power        Failure   Level  Hunger
 Blade Hands              Tmut           ##........   65%         5    ######.
 Ice Form                 Ice/Tmut       #.......     65%         4    #####..


Dungeon Overview and Level Annotations

Branches:
Dungeon (5/15)             Temple (1/1) D:5

Altars:
Cheibriados
Elyvilon
Hepliaklqana
Kikubaaqudgha
Makhleb
Okawaru
Ru
Trog
Uskayaw
Vehumet
Wu Jian
Xom
Yredelemnul
Zin
The Shining One


Message History

Your ball python barely misses the ice beast!
You are feeling hungry!
You pound the ice beast but do no damage!
The ice beast is almost dead!
The ice beast hits you but does no damage!
Your ball python barely misses the ice beast!
You pulverise the ice beast but do no damage!
The ice beast is almost dead!
Your ball python barely butts the ice beast!
The ice beast hits you!
The ice beast freezes you!!! * * * don'butt die
* * * You are too injured to fight recklessly!!!
Your ball python barely misses the ice beast! x2
Your ball python barely misses the ice beast!
Casting: Sticks to Snakes (safe; 4% risk of failure)
Confirm with ! or Enter, or press ? or * to list all spells!
You create a snake!!!
You butt have 32 arrows!
The ice beast hits you! * * * don't butt
* * * The ice beast freezes you!!! rip

#.....#......##...#....
#.....#......##...##...#+
#.....#......'.....#.....
#.....#......#.....#.....
#.....#......#.....+.....
#.....#......##...(#>....
#.....####'####....##+#..
+.............#.......#..
#.......@.....+.......#..
#a..#......YS.....#.......'..
#...#......S......#.......#..
#...#.............#.......#..
#..Y#.............#.......#..
#...#.............###+###+#..
#...#.....######### ..[
#...#.....# ... #...'.....#
...


You could see an ice beast and 2 friendly ball pythons.

Vanquished Creatures
  A phantom (D:5)
  A bullfrog (Sewer)
  2 hounds (D:4)
  2 orc priests
  A bullfrog skeleton (D:3)
  Jessica (D:3)
  A hound zombie (D:5)
  9 adders
  A river rat (D:4)
  9 oozes
  3 worms
  3 dart slugs
  15 leopard geckos
  8 orcs (D:3)
  9 ball pythons
  13 giant cockroaches
  3 goblins (D:3)
  5 hobgoblins
  13 jackals
  5 kobolds
  A quokka (D:2)
  5 bats
  10 frilled lizards
  A leopard gecko skeleton (D:3)
  8 rats
130 creatures vanquished.

Vanquished Creatures (collateral kills)
  2 worms
2 creatures vanquished.

Grand Total: 132 creatures vanquished

Notes
Turn   | Place    | Note
-------+----------+-------------------------------------------
     0 | D:1      | Gorglomux the Merfolk Transmuter began the quest for the Orb.
     0 | D:1      | Reached XP level 1. HP: 15/15 MP: 3/3
   356 | D:1      | Reached XP level 2. HP: 21/22 MP: 3/5
  1067 | D:1      | Learned a level 2 spell: Sticks to Snakes
  1289 | D:2      | Reached skill level 4 in Unarmed Combat
  1289 | D:2      | Reached XP level 3. HP: 17/28 MP: 1/6
  1499 | D:2      | Found a bloodstained altar of Trog.
  1510 | D:2      | Found a sacrificial altar of Ru.
  1759 | D:2      | Reached XP level 4. HP: 29/34 MP: 5/7
  1813 | D:2      | Reached skill level 3 in Fighting
  1950 | D:2      | Learned a level 3 spell: Spider Form
  2770 | D:3      | Reached skill level 3 in Dodging
  2778 | D:2      | Reached XP level 5. HP: 32/41 MP: 5/8
  3130 | D:3      | Reached skill level 5 in Unarmed Combat
  3620 | D:3      | Noticed Jessica
  3627 | D:3      | Killed Jessica
  3627 | D:3      | Reached XP level 6. HP: 47/48 MP: 5/9
  3677 | D:3      | Found a sacrificial altar of Ru.
  4274 | D:4      | Found a radiant altar of Vehumet.
  4505 | D:4      | Found a glowing drain.
  4554 | Sewer    | Entered a sewer
  4917 | Sewer    | Reached skill level 3 in Transmutations
  4961 | Sewer    | Reached skill level 1 in Poison Magic
  5293 | Sewer    | Reached XP level 7. HP: 49/55 MP: 2/11
  5620 | D:4      | Reached skill level 3 in Spellcasting
  5707 | D:5      | Entered Level 5 of the Dungeon
  5850 | D:5      | Found a staircase to the Ecumenical Temple.
  5875 | Temple   | Entered the Ecumenical Temple
  5917 | Temple   | Became a worshipper of Warmaster Okawaru
  6049 | D:5      | Slain by an ice beast

Skill      XL: |  1  2  3  4  5  6  7 |
---------------+----------------------+-----
Fighting       | 2 3 4 |  4.3
Unarmed Combat | 4 5 |  5.4
Dodging        | 3 4 |  4.5
Transmutations | 4 |  4.9
Poison Magic   | 1 |  1.0
Spellcasting   | 3 |  3.4

Action                   |  1- 3 |  4- 6 |  7- 9 || total
-------------------------+-------+-------+-------++-------
Melee: Unarmed           |    81 |   282 |    65 ||   428
       Headbutt          |     8 |    24 |     5 ||    37
       Punch             |     1 |     6 |     1 ||     8
       Tailslap          |       |     3 |       ||     3
 Cast: Beastly Appendage |    14 |    24 |     3 ||    41
       Sticks to Snakes  |     5 |     4 |     2 ||    11
       Spider Form       |       |     7 |       ||     7
  Use: Potion            |     1 |     1 |       ||     2
       Scroll            |       |     1 |     3 ||     4
 Stab: Sleeping          |       |     1 |       ||     1
       Distracted        |       |       |     2 ||     2
  Eat: Ration            |     1 |       |       ||     1
       Chunk             |       |    14 |     2 ||    16
Armor: Robe              |    10 |    51 |    16 ||    77
       Skin              |       |     4 |       ||     4
Dodge: Dodged            |    44 |   231 |    43 ||   318
